 Dungeon Crawl Stone Soup version 0.30-a0-1124-g6e8f0f562f (webtiles) character file.

Game seed: 17295336888742716832

88 Twinkles the Ruffian (level 4, 0/40 HPs)
             Began as an Armataur Monk on Apr 23, 2023.
             Slain by a gnoll
             ... wielding a +0 halberd
              (2 damage)
             ... on level 2 of the Dungeon.
             The game lasted 00:04:00 (1301 turns).

Twinkles the Ruffian (Armataur Monk)                Turns: 1301, Time: 00:04:01

Health: 0/40       AC:  7    Str: 16    XL:     4   Next: 30%
Magic:  4/4        EV:  8    Int: 11    God:
Gold:   100        SH:  0    Dex: 12    Spells: 3/3 levels left

rFire   . .          .
                       - Unarmed
rCold   + . .        c - orb {light}
rNeg    . . .        h - +0 scale mail
rPois   .            (no helmet)
rElec   .            (no cloak)
rCorr   .            e - +0 pair of gloves
SInv    +            (no barding)
Will    .....        (no amulet) Stlth
                     (no ring)
HPRegen 0.26/turn    (no ring)
MPRegen 0.09/turn

%: roll
@: mighty, glowing
A: large, rugged brown scales 3, deformed body, armoured tail, roll, long
tongue, awkward tongue, fangs 1, talons 1, see invisible, cold resistance 1,
weak 1
a: no special abilities


You were on level 2 of the Dungeon.
You visited 1 branch of the dungeon, and saw 2 of its levels.

You collected 100 gold pieces.

Inventory:

Missiles
 d - 5 boomerangs (quivered)
Armour
 a - a +0 robe
 c - an orb of light (worn)
 e - a +0 pair of gloves (worn)
 h - a +0 scale mail (worn)
Potions
 g - a potion of resistance {unknown}
 G - a potion of ambrosia
 U - a potion of mutation


   Skills:
 + Level 3.2 Fighting
 + Level 2.0 Armour
 + Level 2.6 Dodging
 * Level 3.5 Unarmed Combat


You had 3 spell levels left.
You didn't know any spells.
Your spell library was empty.

Dungeon Overview and Level Annotations

Branches:
Dungeon (2/15) Zot: 10706

Altars:

Shops:
D:1 :


Innate Abilities, Weirdness & Mutations

You are completely covered in rugged brown scales. (AC +3, +7% HP)
Armour fits poorly on your strangely shaped body.
You have a long armoured tail.
You roll when moving toward enemies. (Rampage)
Your long tongue fully drains potion bottles. (2x potion effects)
Your tongue gives you trouble enunciating. (1.5x scroll delay)
You have very sharp teeth.
You have sharp toenails.
You have supernaturally acute eyesight. (SInv)
Your flesh is cold resistant. (rC+)
You are weak. (Str -2)


Message History

You hit the gnoll. You tail-slap the gnoll.
You kill the gnoll!
The gnoll hits you from afar with a +0 halberd.
The gnoll hits you from afar with a +0 halberd!
Your Armour skill increases to level 2!
You are too injured to fight recklessly!
You are too injured to fight recklessly!
You roll towards the gnoll!
You hit the gnoll but do no damage. The gnoll barely misses you.
A gnoll comes into view. It is wielding a +0 spear.
The gnoll shouts!
You hit the gnoll but do no damage.
You tail-slap the gnoll, but do no damage.
The gnoll hits you with a +0 halberd! The gnoll hits you with a +0 halberd.
You completely miss the gnoll. The gnoll closely misses you.
You hit the gnoll but do no damage. The gnoll closely misses you.
The gnoll barely misses you.
You hit the gnoll but do no damage.
Your tail-slap misses the gnoll.
The gnoll hits you with a +0 halberd.
* * * LOW HITPOINT WARNING * * *
You barely miss the gnoll. You tail-slap the gnoll.
The gnoll is lightly wounded.
The gnoll barely misses you. The gnoll hits you but does no damage.
You barely miss the gnoll.
You tail-slap the gnoll, but do no damage.
The gnoll is lightly wounded.
The gnoll hits you with a +0 halberd.
* * * LOW HITPOINT WARNING * * *
It was a potion of mutation.
You feel extremely strange.
Your vision sharpens.
You feel resistant to cold.
You feel weaker.
Your toenails lengthen and sharpen.
Your teeth lengthen and sharpen.
You slurp down every last drop of the potion of mutation!
U - a potion of mutation The gnoll hits you with a +0 halberd.
* * * LOW HITPOINT WARNING * * *
It was a potion of might.
You feel very mighty all of a sudden.
You slurp down every last drop of the potion of might!
The gnoll closely misses you. The gnoll hits you with a +0 halberd.
You die...

#.# #.##......##
#.###.##.......##
#...............#
######.####.#...##
#......# #.......
#.###### ####.###
#.# #.# #.# ##+#
#@# ##...## #g#
##.....# #r#
##....... #g.
#........ ...
+........ #...
#........ #..#
#......) #..#
##.).).#
######...##


You could see 2 gnolls and a rat.

Vanquished Creatures
  2 adders (D:2)
  A gnoll (D:2)
  2 dart slugs (D:1)
  3 orcs (D:2)
  5 endoplasms
  A giant cockroach (D:1)
  6 goblins
  3 hobgoblins
  5 jackals
  3 quokkas (D:1)
  4 ball pythons (D:1)
  2 bats
  3 frilled lizards
  5 kobolds
  2 rats
47 creatures vanquished.

Notes
Turn   | Place    | Note
-------+----------+-------------------------------------------
     0 | D:1      | Twinkles the Armataur Monk began the quest for the Orb.
     0 | D:1      | Reached XP level 1. HP: 19/19 MP: 1/1
   107 | D:1      | Reached XP level 2. HP: 22/26 MP: 2/2
   182 | D:1      | Reached skill level 1 in Armour
   460 | D:1      | Reached XP level 3. HP: 28/33 MP: 3/3
   652 | D:1      | Found Duiph's Book Shop.
  1189 | D:2      | Reached XP level 4. HP: 39/40 MP: 4/4
  1297 | D:2      | HP: 10/40 [gnoll/+0 halberd (6)]
  1300 | D:2      | Gained mutation: You have supernaturally acute eyesight.
                  | (SInv) [potion of mutation]
  1300 | D:2      | Gained mutation: Your flesh is cold resistant. (rC+)
                  | [potion of mutation]
  1300 | D:2      | Gained mutation: You are weak. (Str -2) [potion of
                  | mutation]
  1300 | D:2      | Gained mutation: You have sharp toenails. [potion of
                  | mutation]
  1300 | D:2      | Gained mutation: You have very sharp teeth. [potion of
                  | mutation]
  1300 | D:2      | HP: 1/40 [gnoll/+0 halberd (5)]
  1301 | D:2      | Slain by a gnoll

Illustrated notes

Levels and vault maps discovered:
D:1:      beargit_arrival_greenhouse, layout_loops_ring, serial_shops,
          nicolae_shop_behind_doors
D:2:      cheibrodos_pilgrimage, layout_loops_corners

Skill      XL: |  1  2  3  4 |
---------------+-------------+-----
Unarmed Combat | 3 |  3.5
Armour         | 1 2 |  2.0
Fighting       | 3 |  3.2
Dodging        | |  2.6

Action                     |  1- 3 |  4- 6 || total
---------------------------+-------+-------++-------
  Melee: Unarmed           |   116 |    14 ||   130
         Tailslap          |    17 |     5 ||    22
    Use: Potion            |       |     2 ||     2
 Armour: Robe              |    32 |       ||    32
         Scale mail        |       |     3 ||     3
  Dodge: Dodged            |    37 |     7 ||    44

Table legend: (Time is in decaauts)
 A = Elapsed time spent in this place.
 B = Non-inter-level travel time spent in this place.
 C = Inter-level travel time spent in this place.
 D = Time resting spent in this place.
 E = Time spent auto-exploring this place.
 F = Levels seen in this place.
 G = Mean time per level.
                   A        B        C        D        E       F      G
               +--------+--------+--------+--------+--------+-----+--------+
         Total |   1292 |   1274 |     18 |      0 |    972 |   2 |  646.0 |
       Dungeon |   1292 |   1274 |     18 |      0 |    972 |   2 |  646.0 |
               +--------+--------+--------+--------+--------+-----+--------+

Top non-repeatable levels by time:
     D:1: 758 daAuts
     D:2: 533 daAuts
